 Dungeon Crawl Stone Soup version 0.22-a0-265-g0d8bc90 (webtiles) character file.

872899 mortelune the Conqueror (level 27, -2/298 HPs)
             Began as a Deep Dwarf Fighter on Mar 6, 2018.
             Was the Champion of Makhleb.
             Killed from afar by a shadow dragon (3 damage)
             ... with a bolt of negative energy
             ... summoned by Yzag
             ... in Pandemonium.
             The game lasted 06:32:13 (73791 turns).

mortelune the Conqueror (Deep Dwarf Fighter)       Turns: 73791, Time: 06:32:13

Health: -2/298     AC: 50    Str: 31      XL:     27
Magic:  10/18      EV: 18    Int:  7 (13) God:    Makhleb [******]
Gold:   5807       SH: 42    Dex: 17      Spells: 33/40 levels left

rFire    + + .     SeeInvis .   o - +9 broad axe (freeze)
rCold    + + +     Gourm    .   c - +7 large shield of Greed {rC+}
rNeg     + + .     Faith    .   K - +12 gold dragon scales
rPois    +         Spirit   .   R - -2 hat of the Alchemist {rElec rPois rF+ rC+ rN+ MR+ rMut rCorr}
rElec    +         Reflect  +   N - +2 cloak of Cowardice {Regen+ rCorr}
rCorr    +         Harm     .   m - +2 pair of gloves {Str+3}
rMut     +                      X - +1 pair of boots "Hintigh" {MR+ rCorr Dex+4}
MR       +++++                  V - brooch of Shielding {Reflect SH+8}
Stlth    ..........             F - +3 ring of slaying
HPRegen  0.00/turn              J - +6 ring of protection
MPRegen  0.16/turn

@: lethally poisoned (-2 -> -2), non-regenerating, studying Necromancy, drained
A: damage resistance, heal wounds, deterioration 1, mutation resistance 1,
negative energy resistance 1, sense surroundings 3, no regeneration
}: 7/15 runes: barnacled, slimy, silver, abyssal, demonic, magical, gossamer
a: Heal Wounds, Minor Destruction, Lesser Servant of Makhleb, Major Destruction,
Greater Servant of Makhleb, Renounce Religion


You were in Pandemonium.
You worshipped Makhleb.
Makhleb was exalted by your worship.
You were hungry.

You visited 12 branches of the dungeon, and saw 57 of its levels.
You visited Pandemonium 2 times, and saw 9 of its levels.
You visited the Abyss 2 times.
You visited 1 bazaar.
You visited 1 ziggurat, and saw 13 of its levels.
You also visited: Bailey and Ice Cave.

You collected 10665 gold pieces.
You spent 4858 gold pieces at shops.

Inventory:

Hand Weapons
 a - the +18 lance "Wyrmbane" {slay drac, rPois rF+ rC+ AC+3}
   (You took it off a deep elf demonologist on level 3 of the Elven Halls)

   It affects your AC (+3).
   It protects you from fire.
   It protects you from cold.
   It protects you from poison.
 o - a +9 broad axe of freezing (weapon)
Armour
 b - a scarf of cloud immunity
 c - the +7 large shield of Greed (worn) {rC+}
   (You bought it in a shop in a bazaar)

   It protects you from cold.
 m - a +2 pair of gloves of strength (worn)
 K - +12 gold dragon scales (worn)
 N - the +2 cloak of Cowardice (worn) {Regen+ rCorr}
   (You bought it in a shop on level 2 of the Orcish Mines)

   It increases your rate of regeneration.
   It protects you from acid and corrosion.
 R - the -2 hat of the Alchemist (worn) {rElec rPois rF+ rC+ rN+ MR+ rMut rCorr}
   (You bought it in a shop on level 2 of the Shoals)

   It protects you from fire.
   It protects you from cold.
   It insulates you from electricity.
   It protects you from poison.
   It protects you from negative energy.
   It affects your resistance to hostile enchantments.
   It protects you from acid and corrosion.
   It protects you from mutation.
 X - the +1 pair of boots "Hintigh" (worn) {MR+ rCorr Dex+4}
   (You acquired it on level 14 of the Dungeon)

   It affects your dexterity (+4).
   It affects your resistance to hostile enchantments.
   It protects you from acid and corrosion.
Jewellery
 e - an uncursed ring of see invisible
 F - a +3 ring of slaying (left hand)
 J - a +6 ring of protection (right hand)
 V - the brooch of Shielding (around neck) {Reflect SH+8}
   (You found it on level 12 of the Dungeon)

   [amulet of reflection]

   It shields you and reflects attacks.
   It affects your SH (+8).
Wands
 d - a wand of disintegration (49)
 l - a wand of clouds (6)
 q - a wand of acid (52)
 s - a wand of digging (71)
 E - a wand of paralysis (44)
 H - a wand of enslavement (48)
 S - a wand of polymorph (98)
Scrolls
 g - 2 scrolls of silence
 i - 31 scrolls of teleportation
 k - 13 scrolls of fear
 n - 29 scrolls of remove curse
 p - 24 scrolls of identify
 t - 8 scrolls of summoning
 u - 15 scrolls of fog
 w - 20 scrolls of magic mapping
 z - 4 scrolls of enchant armour
 B - 2 scrolls of holy word
 G - 11 scrolls of blinking
 O - 8 scrolls of immolation
 P - 8 scrolls of enchant weapon
 Q - a scroll of brand weapon
 W - 17 scrolls of amnesia
Potions
 h - 4 potions of flight
 j - 11 potions of haste
 x - 4 potions of resistance
 A - 2 potions of cancellation
 C - 12 potions of brilliance
 D - 7 potions of might
 I - 7 potions of invisibility
 L - 10 potions of curing (quivered)
 M - 7 potions of magic
 T - 5 potions of berserk rage
 Y - 2 potions of agility
 Z - 10 potions of mutation
Books
 y - a manual of Necromancy
Miscellaneous
 v - 5 sacks of spiders
 U - 7 phantom mirrors
Comestibles
 f - 116 rations


   Skills:
 O Level 27(26.7) Fighting
 - Level 18.5(19.4) Axes
 + Level 10.4(14.1) Polearms
 + Level 21.1(20.9) Armour
 + Level 18.9(18.7) Dodging
 + Level 10.2(10.1) Stealth
 - Level 25.0(24.7) Shields
 - Level 7.4(7.3) Spellcasting
 - Level 2.2(2.0) Translocations
 * Level 26.7(26.5) Invocations
 - Level 10.0(9.8) Evocations


You had 33 spell levels left.
You knew the following spells:

 Your Spells              Type           Power        Failure   Level  Hunger
a - Blink                 Tloc           N/A          77%         2    ##.....
b - Summon Butterflies    Summ           #.......     89%         1    None
c - Passage of Golubria   Tloc           N/A          100%        4    ####...


Dungeon Overview and Level Annotations

Branches:
Dungeon (15/15)            Temple (1/1) D:4            Lair (6/6) D:11
 Shoals (4/4) Lair:2       Spider (4/4) Lair:3        Slime (5/5) Lair:5
    Orc (2/2) D:12            Elf (3/3) Orc:2        Vaults (5/5) D:14
  Crypt (2/3) Vaults:2     Depths (5/5) D:15            Zot (5/5) Depths:5

Altars:
Cheibriados
Dithmenos
Fedhas
Gozag
Kikubaaqudgha
Makhleb
Okawaru
Ru
Sif Muna
Xom
Yredelemnul
Zin
The Shining One
Jiyva

Shops:
D:4 ?   D:13 %   D:14 ?[*(   Orc:2 *:([   Shoals:2 :*(:[   Vaults:3 (*[
Vaults:4 }(:   Vaults:5 }   Depths:1 *

Portals:
Hell: Depths:1 Depths:2 Depths:3 Depths:4 Depths:5
Abyss: Depths:4
Pandemonium: Depths:3 Depths:4 Depths:5

Annotations:
D:3 Fingolfin's ghost, amateur DsTm
Lair:6 exclusion: oklob plant
Spider:4 1 exclusion
Depths:2 exclusion: orange crystal statue


Innate Abilities, Weirdness & Mutations

You are resistant to damage.
You can heal yourself by infusing magical energy.
You resist negative energy. (rN+)
You passively map a large area around you.
You do not regenerate.
Your body sometimes deteriorates upon taking damage.
You are somewhat resistant to further mutation.


Message History

Something hits you but does no damage.
Your magical essence is drained by the effort!
You feel much better. Something hits you.
You block the quicksilver dragon's attack. x2
The tormentor calls on the powers of darkness!
Your body is wracked with pain!
* * * LOW HITPOINT WARNING * * *
The shadow dragon convulses!
The quicksilver dragon convulses!
The iron dragon convulses!
The quicksilver dragon convulses!
The quicksilver dragon breathes dispelling energy at you.
The bolt of dispelling energy hits you!
* * * LOW HITPOINT WARNING * * *
The tormentor calls on the powers of darkness!
The quicksilver dragon convulses!
The iron dragon convulses!
The shadow dragon convulses!
You feel a surge of unholy energy.
The quicksilver dragon convulses!
The shadow dragon breathes negative energy at you.
The bolt of negative energy hits something.
The bolt of negative energy hits you! You partially resist.
You feel drained.
You die...

#######################.
#..... , #.
#'############* #.
#.#.33.33.333, ,#.
#.###############.
#.§≈≈§§≈≈≈≈≈≈§≈≈#.
#2§§§.........§.'.
#DD.D...........'.
#@{2............'.
#.D≈≈≈≈≈≈≈≈≈≈≈≈≈#.
#2###############.
#.#.333.33313 #.
#'############* #.
#....., , ,#.
#################.
#............
#............


You could see a shadow dragon, an iron dragon, 2 quicksilver dragons, a reaper,
4 smoke demons and 2 tormentors.

Vanquished Creatures
  the Royal Jelly (Slime:5)
  Lom Lobon (Pan)
  Mennas (Vaults:4)
  8 ancient liches
  Sojobo (Vaults:4)
  Boris (Vaults:4)
  Frederick (Vaults:3)
  Xtahua (Crypt:1)
  2 Killer Klowns
  5 golden dragons
  4 curse toes
  4 profane servitors
  Arachne (Spider:3)
  8 pandemonium lords
  3 bone dragons
  3 Brimstone Fiends
  2 Tzitzimimeh
  4 electric golems
  2 hellephants (Abyss:4)
  Jorgrun (Depths:5)
  7 tentacled monstrosities
  5 Hell Sentinels (Pan)
  A shard shrike skeleton (Crypt:2)
  5 Ice Fiends
  3 Orb Guardians (Zot:4)
  8 liches
  2 deep elf blademasters (Elf:3)
  4 quicksilver dragons
  2 titans (Vaults:5)
  3 Executioners (Pan)
  A deep elf master archer (Elf:3)
  32 acid blobs
  Polyphemus (Shoals:2)
  3 sphinxes
  13 shadow dragons
  9 death cobs
  5 ancient champions
  9 tentacled starspawn
  7 warmongers (Pan)
  A kraken (Shoals:1)
  15 storm dragons
  Donald (Vaults:3)
  2 draconian monks
  21 azure jellies
  5 revenants
  9 tengu reavers
  Ilsuiw (Shoals:4)
  A shadow dragon (shapeshifter) (Zot:3)
  10 fire giants
  11 frost giants
  10 ghost moths
  4 draconian knights
  8 draconian shifters
  5 deep elf elementalists
  3 orc warlords
  7 vault wardens
  A juggernaut zombie (Zig:12)
  An iron dragon (Vaults:5)
  3 emperor scorpions (Spider:4)
  4 cacodemons
  5 draconian scorchers
  Aizul (Depths:1)
  2 angels
  8 deep elf sorcerers
  4 curse skulls
  2 ghouls
  4 draconian annihilators
  15 balrugs
  20 reapers
  7 draconian stormcallers
  24 very ugly things
  3 war gargoyles
  16 stone giants
  17 ironheart preservers
  14 green draconians
  A caustic shrike skeleton (Zig:12)
  7 blood saints (Pan)
  A juggernaut skeleton (Zig:12)
  7 entropy weavers
  7 vampire knights
  A red draconian (shapeshifter) (Zot:3)
  13 corrupters (Pan)
  14 black suns
  3 dire elephants (Abyss:4)
  10 black draconians
  7 deep elf demonologists
  6 white draconians
  11 deep elf annihilators
  7 lorocyprocas (Pan)
  7 spark wasps
  7 yellow draconians
  13 purple draconians
  10 red draconians
  17 deep elf death magi
  3 eidola
  19 blizzard demons
  5 merfolk javelineers
  8 green deaths
  9 jiangshi
  7 death oozes
  3 deep elf high priests
  8 ettins
  9 merfolk impalers
  2 crystal guardians (Abyss:4)
  Snorg (Orc:1)
  2 fire dragons (shapeshifter) (Abyss:4)
  11 fire dragons
  5 ice dragons
  15 great orbs of eyes
  A spectral golden dragon (Zig:10)
  12 yaktaur captains
  A great orb of eyes (shapeshifter) (Abyss:4)
  11 rakshasas
  29 vault guards
  9 hydras
  7 monstrous demonspawn
  5 merfolk avatars
  2 juggernaut simulacra (Pan)
  5 spriggan air magi
  11 centaur warriors
  2 catoblepae
  2 merfolk aquamancers
  An alligator snapping turtle (shapeshifter) (Zig:9)
  32 dancing weapons
  2 alligator snapping turtles
  3 death yaks
  7 death knights
  13 ogre magi
  49 two-headed ogres
  9 deep troll shamans
  11 vampire magi
  2 satyrs (Shoals:4)
  3 tengu warriors
  3 hell hogs (Abyss:1)
  2 orc high priests (Orc:2)
  A titan zombie (Zig:12)
  6 deep troll earth magi
  A spriggan berserker (Depths:3)
  33 sun demons
  18 thrashing horrors
  9 wretched stars
  4 fire crabs
  A titan skeleton (Crypt:2)
  21 deep elf knights
  25 skeletal warriors
  30 soul eaters
  14 sixfirhies
  6 shadow wraiths
  A spark wasp zombie (Crypt:1)
  A hell knight (Zig:12)
  Nergalle (Lair:3)
  32 deep trolls
  2 spatial maelstroms
  9 iron trolls
  10 torturous demonspawn (Pan)
  15 small abominations
  3 death drakes
  An entropy weaver zombie (Crypt:1)
  5 wizards
  A kraken simulacrum (Shoals:4)
  14 gelid demonspawn (Pan)
  2 spectral anacondas (Depths:2)
  9 unseen horrors
  15 sea snakes
  A swamp dragon (Abyss:1)
  14 shadow demons (Pan)
  9 deep elf archers
  10 glowing orange brains
  7 infernal demonspawn (Pan)
  2 lindwurms (shapeshifter)
  An orange crystal statue (Depths:2)
  19 harpies
  11 ironbrand convokers
  15 phantasmal warriors
  A tengu zombie (Zig:12)
  17 flayed ghosts
  2 lindwurms (Lair:6)
  An anaconda skeleton (Crypt:2)
  A wolf spider zombie (Abyss:4)
  An obsidian statue (Zig:3)
  11 orb spiders
  A necromancer (Vaults:3)
  56 ugly things
  A wolf spider (shapeshifter) (Depths:5)
  A shadow dragon skeleton (Zig:12)
  A mana viper (Depths:2)
  2 shining eyes
  A shining eye (shapeshifter) (Zig:11)
  16 orc knights
  63 deep elf magi
  22 wolf spiders
  A stone giant zombie (Abyss:4)
  7 oklob plants (Zig:6)
  11 cyclopes
  26 manticores
  8 orc sorcerers
  2 fauns (Zig:5)
  30 moths of wrath
  A moth of wrath (shapeshifter) (Abyss:4)
  A guardian serpent (shapeshifter) (Abyss:4)
  2 rust devils
  8 merfolk sirens
  2 elephants
  10 ice statues
  10 black mambas
  An alligator snapping turtle zombie (Crypt:2)
  8 guardian serpents
  2 eyes of devastation (shapeshifter)
  8 water nymphs
  An apocalypse crab (Zot:3)
  15 vault sentinels
  4 molten gargoyles (D:13)
  3 eyes of devastation
  A fire giant skeleton (Zig:12)
  48 smoke demons
  A spriggan skeleton (Zig:12)
  A spiny frog (shapeshifter) (Vaults:4)
  13 orange demons
  A black mamba (shapeshifter) (Vaults:3)
  3 torpor snails
  2 rime drakes
  A yaktaur (shapeshifter) (Abyss:4)
  A kobold demonologist (D:14)
  3 efreet
  13 spiny frogs
  34 yaktaurs
  4 komodo dragons
  11 freezing wraiths
  7 tormentors (Pan)
  11 hellions
  4 anaconda simulacra (IceCv)
  16 ice devils
  26 demonic crawlers
  2 tengu conjurers (Depths:1)
  A spectral merfolk (Depths:2)
  7 ancient zymes (Abyss:4)
  25 hellwings
  17 red devils (Pan)
  20 jumping spiders
  2 jumping spiders (shapeshifter)
  4 harpy zombies (Zot:3)
  21 merfolk
  9 trolls
  2 meliai (shapeshifter)
  A queen bee (Lair:1)
  16 hornets
  2 wind drakes (Shoals:4)
  A slime creature (shapeshifter) (Vaults:5)
  Prince Ribbit (D:7)
  17 blink frogs
  A hippogriff (shapeshifter) (Vaults:5)
  71 slime creatures
  A queen bee (shapeshifter) (Vaults:2)
  11 polar bears
  13 snapping turtles
  10 dream sheep
  A dream sheep (shapeshifter) (Zig:9)
  A snapping turtle (shapeshifter) (Zig:11)
  30 raiju
  16 hippogriffs
  A fire dragon skeleton (Zig:3)
  A centaur simulacrum (D:14)
  A satyr skeleton (Crypt:1)
  77 redbacks
  5 vampires (Depths:2)
  24 water elementals
  6 shadows
  25 tarantellas
  20 wraiths
  55 yaks
  2 spriggans
  6 air elementals
  An alligator skeleton (Crypt:1)
  48 starcursed masses
  3 wyverns
  2 dire elephant simulacra (IceCv)
  A redback (shapeshifter) (Zig:9)
  2 spriggans (shapeshifter)
  23 ynoxinuls
  8 golden eyes
  39 chaos spawn
  3 fire bats (Abyss:4)
  2 basilisks
  10 fire elementals
  4 hungry ghosts
  27 neqoxecs
  A hog (shapeshifter) (Abyss:4)
  A minotaur simulacrum (Depths:2)
  3 insubstantial wisps (Abyss:4)
  A steam dragon (D:13)
  Menkaure (D:5)
  A harpy simulacrum (IceCv)
  A soldier ant (D:13)
  2 spatial vortices (Abyss:4)
  2 nagas (Abyss:4)
  11 wargs
  Duvessa (D:7)
  An acid dragon (D:13)
  6 water moccasins
  46 large abominations
  2 merfolk skeletons
  7 porcupines
  25 hell hounds
  4 hydra simulacra
  55 orc warriors
  2 floating eyes
  3 spectral spriggans (Depths:2)
  13 black bears
  A hornet zombie (D:9)
  5 sky beasts
  A black bear (shapeshifter) (Vaults:1)
  An ice beast (D:8)
  A necrophage (D:8)
  2 phantoms
  2 ettin simulacra (IceCv)
  11 eyes of draining
  An eye of draining (shapeshifter) (Depths:4)
  32 ogres
  11 boggarts
  31 wolves
  14 centaurs
  11 crocodiles
  A big kobold (D:14)
  18 bullfrogs
  A cyclops zombie (Crypt:2)
  3 earth elementals
  A komodo dragon skeleton (Crypt:1)
  A salamander skeleton (Crypt:1)
  Dowan (D:7)
  A draconian skeleton (Crypt:2)
  14 scorpions
  A wyvern skeleton (Crypt:2)
  A raiju zombie (Crypt:2)
  24 killer bees (Lair:1)
  2 spectral nagas (Depths:2)
  2 spectral ogres (Depths:2)
  12 wights
  3 howler monkeys
  An electric eel (Spider:4)
  4 jellies
  A spectral centaur (Depths:2)
  6 crimson imps
  4 centaur zombies
  5 hounds
  3 quasits
  21 orc priests
  6 centaur skeletons
  33 orc wizards
  A bullfrog skeleton (D:12)
  Jessica (D:6)
  2 iguanas
  A troll simulacrum (Depths:2)
  15 worker ants
  A lightning spire (Zig:7)
  An ogre zombie (Abyss:4)
  A demigod zombie (Crypt:1)
  A crocodile zombie (Crypt:2)
  Robin (D:3)
  A naga simulacrum (Depths:2)
  11 adders
  A gnoll (Bailey)
  2 howler monkey skeletons
  4 shadow imps
  3 white imps (Zig:3)
  4 oozes
  A lava snake zombie (Crypt:1)
  An adder skeleton (D:5)
  3 worms
  A dart slug (D:1)
  6 leopard geckos
  119 orcs
  4 bats
  5 giant cockroaches
  17 goblins
  13 hobgoblins
  4 jackals (D:1)
  22 kobolds
  3 quokkas
  A ball python (D:1)
  A dart slug zombie (Crypt:1)
  6 frilled lizards
  A leopard gecko skeleton (D:5)
  A quokka skeleton (Crypt:1)
  6 rats
  3 crawling corpses
  6 fungi
  12 plants
  4 starspawn tentacles (Abyss:4)
  4 tentacles
3345 creatures vanquished.

Vanquished Creatures (collateral kills)
  Mara (Spider:3)
  A juggernaut (Depths:4)
  An acid blob (Slime:5)
  Gastronok (Lair:1)
  A frost giant (Depths:4)
  The ghost of CLM the Cleaver, a journeyman HOFi of Beogh (Lair:4)
  A fire dragon (D:13)
  Fannar (Lair:1)
  2 great orbs of eyes
  3 hydras
  A centaur warrior (Depths:4)
  An ice dragon (Depths:2)
  2 death yaks (Lair:6)
  A two-headed ogre (D:10)
  An unseen horror (Vaults:1)
  2 sea snakes (Shoals:1)
  A death drake (Depths:2)
  A deep elf archer (Vaults:1)
  6 orb spiders
  An orc knight (Orc:2)
  3 ugly things (Depths:2)
  A wolf spider (Spider:1)
  An elephant (Lair:6)
  A molten gargoyle (D:13)
  2 black mambas
  2 spiny frogs (Lair:6)
  A demonic crawler (Lair:3)
  A rime drake (Lair:6)
  A tengu conjurer (Depths:2)
  4 jumping spiders
  A water elemental (Depths:2)
  A wraith (Depths:2)
  A shadow (Depths:2)
  4 redbacks
  A tarantella (Spider:4)
  2 basilisks
  3 water moccasins
  A centaur (Vaults:1)
  An ogre (D:10)
  A boggart (Depths:4)
  A crocodile (Lair:1)
  2 scorpions
  A fungus (Lair:6)
  2 plants (Lair:4)
69 creatures vanquished.

Vanquished Creatures (others)
  An ancient lich (Zig:13)
  Asterion (Depths:1)
  2 deep elf master archers
  A tengu reaver (Vaults:4)
  2 draconian knights
  3 stone giants
  A dire elephant (Abyss:4)
  2 blizzard demons
  2 merfolk javelineers (Shoals:4)
  A green death (Pan)
  3 yaktaur captains (Vaults:5)
  A great orb of eyes (Zot:3)
  2 centaur warriors
  An ogre mage (Depths:1)
  Sonja (Lair:1)
  A shadow wraith (Vaults:5)
  A glowing orange brain (Pan)
  An infernal demonspawn (Pan)
  An unseen horror (Abyss:4)
  2 deep elf archers (Elf:3)
  A deep elf mage (D:14)
  An ugly thing (Shoals:2)
  A manticore (Shoals:4)
  2 cyclopes (Vaults:1)
  A moth of wrath (Zot:5)
  An orange demon (Abyss:4)
  2 smoke demons (Pan)
  A tormentor (Zig:3)
  16 yaktaurs
  A merfolk (Shoals:4)
  A raiju (Abyss:4)
  2 redbacks
  A ynoxinul (Abyss:4)
  A neqoxec (Pan)
  2 wargs
  An ogre (Vaults:4)
  A wolf (Depths:2)
  7 centaurs
  A small abomination (Abyss:4)
  An orc priest (Orc:2)
  27 ball lightnings (Pan)
  3 orcs
  7 kobolds (Bailey)
  A bush (Abyss:1)
  A butterfly (Zot:3)
  3 demonic plants (Abyss:1)
  12 fungi
  4 lurking horrors (Abyss:4)
  22 plants
  20 starspawn tentacles
  18 tentacles
193 creatures vanquished.

Grand Total: 3607 creatures vanquished

Notes
Turn   | Place    | Note
-------+----------+-------------------------------------------
     0 | D:1      | mortelune the Deep Dwarf Fighter began the quest for the Orb.
     0 | D:1      | Reached XP level 1. HP: 20/20 MP: 1/1
    61 | D:1      | Reached XP level 2. HP: 22/27 MP: 2/2
   129 | D:1      | Reached skill level 3 in Fighting
   368 | D:1      | Reached XP level 3. HP: 21/34 MP: 3/3
   683 | D:2      | Reached XP level 4. HP: 12/42 MP: 4/4
  1261 | D:2      | Found a glowing golden altar of the Shining One.
  1289 | D:3      | Noticed Robin
  1319 | D:2      | Reached XP level 5. HP: 30/50 MP: 4/4
  1335 | D:3      | Killed Robin
  1404 | D:3      | Noticed Fingolfin's ghost (amateur DsTm)
  1589 | D:3      | Found an opulent altar of Gozag.
  1702 | D:3      | Reached skill level 4 in Fighting
  1888 | D:4      | Noticed an ogre
  1925 | D:4      | Reached skill level 5 in Armour
  1925 | D:4      | Reached XP level 6. HP: 42/57 MP: 5/5
  2005 | D:4      | Found Neggaac's Magic Scroll Boutique.
  2020 | D:4      | Reached skill level 5 in Axes
  2052 | D:4      | Bought a scroll of fog for 28 gold pieces
  2052 | D:4      | Bought a scroll of blinking for 105 gold pieces
  2346 | D:4      | Found a staircase to the Ecumenical Temple.
  2367 | Temple   | Entered the Ecumenical Temple
  2383 | Temple   | Became a worshipper of Makhleb the Destroyer
  2477 | D:5      | Entered Level 5 of the Dungeon
  2656 | D:5      | Noticed Menkaure
  2663 | D:5      | Killed Menkaure
  2663 | D:5      | Reached XP level 7. HP: 31/66 MP: 5/5
  2816 | D:5      | Found Zipuushua's Book Emporium.
  3142 | D:6      | Reached skill level 5 in Fighting
  3399 | D:6      | Reached XP level 8. HP: 39/75 MP: 6/6
  3617 | D:6      | Reached * piety under Makhleb
  3634 | D:6      | Noticed Jessica
  3695 | D:6      | Killed Jessica
  3702 | D:6      | Found a deep blue altar of Sif Muna.
  4392 | D:7      | Noticed Duvessa
  4392 | D:7      | Noticed Dowan
  4463 | D:7      | Found a basalt altar of Yredelemnul.
  4472 | D:7      | Reached skill level 6 in Fighting
  4552 | D:7      | Found a snail-covered altar of Cheibriados.
  4651 | D:7      | Killed Duvessa
  4662 | D:7      | Killed Dowan
  4721 | D:7      | Noticed Prince Ribbit
  4750 | D:7      | Killed Prince Ribbit
  4750 | D:7      | Gained mutation: You passively map the area around you. [Deep Dwarf growth]
  4750 | D:7      | Reached XP level 9. HP: 67/85 MP: 7/7
  4941 | D:8      | Reached skill level 7 in Fighting
  5046 | D:8      | Reached ** piety under Makhleb
  5200 | D:8      | Paralysed by a hornet for 3 turns
  5616 | D:8      | Reached skill level 8 in Fighting
  5895 | D:8      | Reached skill level 1 in Invocations
  6001 | D:8      | Reached XP level 10. HP: 64/96 MP: 6/8
  6221 | D:9      | Reached *** piety under Makhleb
  6528 | D:9      | Noticed a two-headed ogre
  6617 | D:10     | Entered Level 10 of the Dungeon
  6617 | D:10     | Noticed a deep elf mage
  6679 | D:9      | Reached skill level 10 in Armour
  6713 | D:9      | Killed a deep elf mage
  6713 | D:9      | Reached skill level 10 in Axes
  6755 | D:10     | You fall through a shaft for 3 floors!
  6755 | D:13     | Noticed a red ugly thing
  6801 | D:12     | Reached skill level 5 in Invocations
  6870 | D:11     | Reached skill level 9 in Fighting
  6882 | D:11     | Noticed a green ugly thing
  6903 | D:11     | Killed a green ugly thing
  6927 | D:11     | Reached **** piety under Makhleb
  7225 | D:11     | Reached XP level 11. HP: 79/106 MP: 12/12
  7444 | D:11     | Found a staircase to the Lair.
  8154 | D:10     | Paralysed by fainting for 10 turns
  8224 | D:10     | Reached ***** piety under Makhleb
  8226 | D:10     | Noticed a two-headed ogre
  8233 | D:10     | Killed a two-headed ogre
  8728 | D:12     | Found the brooch of Shielding {Reflect SH+8}
  8798 | D:12     | Noticed a cyan ugly thing
  8831 | D:12     | Killed a cyan ugly thing
  8918 | Lair:1   | Entered Level 1 of the Lair of Beasts
  8958 | Lair:1   | Noticed Sonja
  8966 | Lair:1   | Killed Sonja
  9019 | Lair:1   | Reached skill level 10 in Fighting
  9164 | Lair:1   | Noticed Gastronok
  9181 | Lair:1   | Killed Gastronok
  9181 | Lair:1   | Reached skill level 5 in Shields
  9212 | Lair:1   | Reached XP level 12. HP: 93/116 MP: 15/15
  9365 | Lair:1   | Noticed Fannar
  9386 | Lair:1   | Killed Fannar
 10365 | Lair:2   | Found a staircase to the Shoals.
 10515 | Lair:2   | Found a blossoming altar of Fedhas.
 10841 | Lair:3   | Noticed a seven-headed hydra
 10851 | Lair:3   | Killed a three-headed hydra
 10943 | Lair:3   | Found a hole to the Spider Nest.
 11160 | Lair:3   | Noticed Nergalle
 11179 | Lair:3   | Killed Nergalle
 11499 | Lair:4   | Reached skill level 11 in Fighting
 11578 | Lair:4   | Noticed CLM's ghost (journeyman HOFi)
 11597 | Lair:4   | Killed CLM's ghost
 11770 | Lair:4   | Got a dazzling rapier
 11793 | Lair:4   | Identified the +3 rapier "Voddais" {pierce, SInv} (You found it on level 4 of the Lair of Beasts)
 11912 | Lair:4   | Reached XP level 13. HP: 127/127 MP: 16/16
 12414 | Lair:5   | Found a staircase to the Slime Pits.
 12415 | Lair:5   | Found a viscous altar of Jiyva.
 13189 | Lair:6   | Entered Level 6 of the Lair of Beasts
 13749 | Lair:6   | Reached skill level 12 in Fighting
 13934 | Lair:6   | Reached skill level 10 in Shields
 14256 | Lair:6   | Gained mutation: You resist negative energy. (rN+) [Deep Dwarf growth]
 14256 | Lair:6   | Reached XP level 14. HP: 139/139 MP: 16/16
 14398 | Lair:6   | Reached ****** piety under Makhleb
 14436 | Lair:6   | Got a transparent tin ring
 14438 | Lair:6   | Identified the ring of Wonder {Ice *Drain Str+5 Int-5 Dex+9} (You found it on level 6 of the Lair of Beasts)
 15428 | D:12     | Found a staircase to the Orcish Mines.
 15625 | D:13     | Reached skill level 13 in Fighting
 15656 | D:13     | Reached skill level 15 in Axes
 16113 | D:13     | HP: 5/141 [molten gargoyle/bolt of magma (22)]
 16177 | D:13     | Found Boonlure's Food Shoppe.
 16551 | Orc:1    | Entered Level 1 of the Orcish Mines
 16656 | Orc:1    | Found a flagged portal.
 16670 | Bailey   | Entered a bailey
 16832 | Bailey   | Got a spiked ring mail
 16843 | Bailey   | Identified the cursed +0 ring mail "Nikimeag" {Regen+ Str+3} (You found it in a bailey)
 17076 | Orc:1    | Noticed Snorg
 17096 | Orc:1    | Killed Snorg
 17416 | Orc:2    | Entered Level 2 of the Orcish Mines
 17416 | Orc:2    | Found Alintock's Antique Armour Shop.
 17455 | Orc:2    | Bought a distressingly furry cloak for 180 gold pieces
 17465 | Orc:2    | Identified the +2 cloak of Cowardice {Regen+ rCorr} (You bought it in a shop on level 2 of the Orcish Mines)
 17769 | Orc:2    | Found Foej's Antique Weapon Emporium.
 17844 | Orc:2    | Noticed an orc warlord
 17890 | Orc:1    | Killed an orc warlord
 17933 | Orc:1    | Reached XP level 15. HP: 127/148 MP: 14/14
 18018 | Orc:2    | Found Loewko's Book Shop.
 18053 | Orc:2    | Noticed an orc warlord
 18119 | Orc:1    | Killed an orc warlord
 18367 | Orc:2    | Found Veptaara's General Store.
 18372 | Orc:2    | Found a staircase to the Elven Halls.
 18602 | D:14     | Found Rudiar's Weapon Emporium.
 18674 | D:14     | Bought a +0 broad axe of freezing for 138 gold pieces
 18691 | D:14     | Found Noinaja's Assorted Antiques.
 18694 | D:14     | Bought a scroll labeled ROD NAGOKUBBO for 37 gold pieces
 18694 | D:14     | Bought a viscous amethyst potion for 33 gold pieces
 18694 | D:14     | Bought a scroll of fear for 129 gold pieces
 18694 | D:14     | Bought a scroll of blinking for 277 gold pieces
 18694 | D:14     | Bought a scroll of enchant weapon for 277 gold pieces
 18695 | D:14     | Identified a scroll of acquirement
 18698 | D:14     | Got a pair of translucent boots
 18710 | D:14     | Identified the +1 pair of boots "Hintigh" {MR+ rCorr Dex+4} (You acquired it on level 14 of the Dungeon)
 18880 | D:14     | Found Oremped's Magic Scroll Shop.
 18928 | D:14     | Bought a scroll of identify for 24 gold pieces
 18928 | D:14     | Bought a scroll of identify for 24 gold pieces
 18928 | D:14     | Bought a scroll of summoning for 114 gold pieces
 18928 | D:14     | Bought a scroll of teleportation for 36 gold pieces
 18939 | D:14     | Bought a scroll of identify for 24 gold pieces
 18939 | D:14     | Bought a scroll of identify for 24 gold pieces
 18939 | D:14     | Bought a scroll of identify for 24 gold pieces
 18975 | D:14     | Found Kouripn's Armour Emporium.
 19173 | D:14     | Reached skill level 14 in Fighting
 19243 | D:14     | Found a gate to the Vaults.
 19575 | D:15     | Entered Level 15 of the Dungeon
 19675 | D:15     | Found a staircase to the Depths.
 19845 | D:15     | Found a glowing silver altar of Zin.
 19903 | D:15     | Found a shadowy altar of Dithmenos.
 20362 | Shoals:1 | Entered Level 1 of the Shoals
 20465 | Spider:1 | Entered Level 1 of the Spider Nest
 21004 | Spider:1 | Reached XP level 16. HP: 160/160 MP: 13/13
 23284 | Spider:4 | Entered Level 4 of the Spider Nest
 23299 | Spider:4 | Noticed Arachne
 23329 | Spider:3 | Killed Arachne
 23329 | Spider:3 | Reached skill level 1 in Dodging
 23390 | Spider:4 | Reached skill level 10 in Invocations
 23539 | Spider:4 | Noticed Mara
 24530 | Spider:4 | Noticed mortelune's illusion
 24534 | Spider:3 | Noticed mortelune's illusion
 24564 | Spider:3 | Noticed mortelune's illusion
 24606 | Spider:3 | Noticed mortelune's illusion
 24606 | Spider:3 | Killed Mara
 24606 | Spider:3 | Reached skill level 15 in Fighting
 24606 | Spider:3 | Reached XP level 17. HP: 60/170 MP: 1/12
 24974 | Spider:4 | Got a gossamer rune of Zot
 25433 | Shoals:1 | Reached skill level 5 in Dodging
 25713 | Shoals:1 | Noticed a kraken
 25729 | Shoals:1 | Killed a kraken
 25962 | Shoals:2 | Found Zenuin's Book Shoppe.
 25993 | Shoals:2 | Found Nyane's Book Shop.
 26005 | Shoals:2 | Found Okashuul's Antique Armour Shop.
 26014 | Shoals:2 | Bought the -2 hat of the Alchemist {rElec rPois rF+ rC+ rN+ MR+ rMut rCorr} for 1746 gold pieces
 26014 | Shoals:2 | Found the -2 hat of the Alchemist {rElec rPois rF+ rC+ rN+ MR+ rMut rCorr}
 26016 | Shoals:2 | Found a frozen archway.
 26026 | Shoals:2 | Noticed Polyphemus
 26048 | IceCv    | Entered an ice cave
 26192 | IceCv    | Reached skill level 15 in Armour
 26297 | IceCv    | Noticed an Ice Fiend
 26312 | IceCv    | Killed an Ice Fiend
 26513 | Shoals:2 | Killed Polyphemus
 26674 | Shoals:2 | Found Jacsim's Antique Weapon Shoppe.
 27062 | Shoals:2 | Found Goclekug's General Store.
 27084 | Shoals:2 | Bought a scroll of enchant weapon for 120 gold pieces
 27763 | Shoals:4 | Entered Level 4 of the Shoals
 28255 | Shoals:4 | Gained mutation: You passively map a large area around you. [Deep Dwarf growth]
 28255 | Shoals:4 | Reached XP level 18. HP: 175/181 MP: 14/14
 28434 | Shoals:4 | Got a barnacled rune of Zot
 28792 | Shoals:4 | Noticed Ilsuiw
 28831 | Shoals:4 | Reached skill level 16 in Fighting
 28856 | Shoals:4 | Killed Ilsuiw
 29553 | Shoals:4 | Learned a level 2 spell: Blink
 29790 | Vaults:1 | Entered Level 1 of the Vaults
 30191 | Vaults:1 | Got a dazzling hand crossbow
 30192 | Vaults:1 | Identified the cursed +1 hand crossbow of Arrival {velocity, MR+ Stlth+} (You found it on level 1 of the Vaults)
 30415 | Vaults:1 | Reached skill level 10 in Dodging
 31105 | Vaults:1 | Reached XP level 19. HP: 190/190 MP: 15/15
 31398 | Vaults:2 | Reached skill level 15 in Invocations
 32635 | Vaults:2 | Found a staircase to the Crypt.
 32792 | Vaults:3 | Found Icyopp's Armour Shoppe.
 32801 | Vaults:3 | Bought a +2 pair of gloves of strength for 301 gold pieces
 32980 | Vaults:3 | Reached skill level 17 in Fighting
 33529 | Vaults:3 | Found Iraoqal's Weapon Emporium.
 33536 | Vaults:3 | Noticed Frederick
 33553 | Vaults:3 | Killed Frederick
 33567 | Vaults:3 | Reached XP level 20. HP: 201/201 MP: 17/17
 33631 | Vaults:3 | Noticed Donald
 33641 | Vaults:3 | Killed Donald
 33714 | Vaults:3 | Found Qint's General Store.
 34128 | Vaults:4 | Noticed Boris
 34149 | Vaults:4 | Killed Boris
 34183 | Vaults:4 | Got a scintillating jade amulet
 34186 | Vaults:4 | Identified the amulet "Lyjuphej" {Reflect *Slow rElec rF+ rC+ SH+2} (You found it on level 4 of the Vaults)
 34722 | Vaults:4 | Found Tatukk's Book Shoppe.
 34752 | Vaults:4 | Noticed Mennas
 34838 | Vaults:4 | Killed Mennas
 34883 | Vaults:4 | Noticed Sojobo
 34916 | Vaults:4 | Killed Sojobo
 35491 | Vaults:4 | Found Xeops's Weapon Shop.
 35539 | Vaults:4 | Found Sutuada's Gadget Emporium.
 35863 | Elf:1    | Entered Level 1 of the Elven Halls
 35881 | Elf:1    | Reached skill level 18 in Fighting
 36198 | Elf:1    | Reached XP level 21. HP: 196/212 MP: 18/18
 36461 | Elf:1    | Reached skill level 15 in Shields
 36834 | Elf:2    | Found a runed gate.
 36834 | Elf:2    | Found a runed gate.
 36835 | Elf:2    | Found a runed gate.
 37505 | Elf:3    | Entered Level 3 of the Elven Halls
 38953 | Elf:3    | Reached skill level 1 in Polearms
 39057 | Elf:3    | Got a scintillating brass ring
 39058 | Elf:3    | Identified the ring of Ojiel {Fire Int+2} (You took it off a deep elf sorcerer on level 3 of the Elven Halls)
 39354 | Depths:1 | Entered Level 1 of the Depths
 39370 | Depths:1 | Reached XP level 22. HP: 168/223 MP: 19/19
 39419 | Depths:1 | Noticed Asterion
 39440 | Depths:1 | Killed Asterion
 39642 | Depths:1 | Reached skill level 19 in Fighting
 39701 | Depths:1 | Noticed Aizul
 39733 | Depths:1 | Killed Aizul
 39835 | Depths:1 | Identified Sif Muna's Grimoire of Shifting Calling
 40010 | Depths:1 | Found a gateway to Hell.
 40127 | Depths:1 | Found a gateway to a ziggurat.
 40188 | Depths:1 | Found Deadgh's Island Escapes.
 40220 | Depths:1 | Bought a scroll of teleportation for 51 gold pieces
 40220 | Depths:1 | Bought a potion of invisibility for 136 gold pieces
 40220 | Depths:1 | Bought a wand of digging (5) for 306 gold pieces
 40220 | Depths:1 | Bought a potion of invisibility for 136 gold pieces
 41412 | Depths:2 | Reached skill level 5 in Polearms
 41508 | Depths:2 | Noticed an ancient lich
 41521 | Depths:2 | Killed an ancient lich
 41845 | Depths:2 | Paralysed by a floating eye for 4 turns
 41994 | Depths:2 | Found the +3 robe of Clouds {+Fly rElec}
 42475 | Depths:3 | Found an iron altar of Okawaru.
 42914 | Depths:3 | Found a one-way gate leading to the halls of Pandemonium.
 43184 | Depths:3 | Reached XP level 23. HP: 227/227 MP: 20/20
 43862 | Depths:4 | Found a one-way gate to the infinite horrors of the Abyss.
 43975 | Depths:4 | Noticed a juggernaut
 43988 | Depths:4 | Killed a juggernaut
 44334 | Depths:4 | Noticed an ancient lich
 44354 | Depths:4 | Killed an ancient lich
 44384 | Depths:4 | Identified the Papyrus of the Equator
 44645 | Depths:5 | Entered Level 5 of the Depths
 44789 | Depths:5 | Reached skill level 20 in Fighting
 44930 | Depths:5 | Found a flickering gateway to a bazaar.
 44944 | Bazaar   | Entered a bazaar
 44962 | Bazaar   | Found Vymeut's Book Shoppe.
 44977 | Bazaar   | Found Xoaptum's Gadget Shoppe.
 44992 | Bazaar   | Found Qeh Soagroi's Armour Emporium.
 45031 | Bazaar   | Bought the +7 large shield of Greed {rC+} for 588 gold pieces
 46234 | Depths:5 | Noticed Jorgrun
 46253 | Depths:5 | Killed Jorgrun
 46291 | Depths:5 | Found a gate to the Realm of Zot.
 46394 | Depths:4 | Voluntarily entered the Abyss.
 46632 | Abyss:3  | Found a radiant altar of Vehumet.
 46775 | Abyss:3  | Paralysed by accursed screaming for 1 turns
 46943 | Abyss:3  | Paralysed by accursed screaming for 1 turns
 46951 | Abyss:3  | Paralysed by accursed screaming for 1 turns
 46958 | Abyss:4  | Found a corrupted altar of Lugonu.
 47145 | Abyss:4  | Paralysed by accursed screaming for 2 turns
 47250 | Abyss:4  | Reached XP level 24. HP: 241/241 MP: 20/20
 47511 | Abyss:4  | Found a corrupted altar of Lugonu.
 47563 | Abyss:4  | Gained mutation: You are frail. (-10% HP) [a cacodemon]
 47642 | Abyss:4  | Paralysed by accursed screaming for 1 turns
 47649 | Abyss:4  | Paralysed by accursed screaming for 1 turns
 47773 | Abyss:4  | Paralysed by accursed screaming for 1 turns
 47783 | Abyss:4  | Paralysed by accursed screaming for 2 turns
 47791 | Abyss:4  | Paralysed by accursed screaming for 1 turns
 47796 | Abyss:4  | Paralysed by accursed screaming for 1 turns
 47840 | Abyss:4  | Paralysed by accursed screaming for 1 turns
 47849 | Abyss:4  | Paralysed by accursed screaming for 1 turns
 47858 | Abyss:4  | Paralysed by accursed screaming for 1 turns
 47864 | Abyss:4  | Paralysed by accursed screaming for 1 turns
 48026 | Abyss:4  | Found a corrupted altar of Lugonu.
 48490 | Abyss:4  | Got an abyssal rune of Zot
 48573 | Abyss:4  | Found a corrupted altar of Lugonu.
 48589 | Depths:4 | Escaped the Abyss
 48690 | Zot:1    | Entered Level 1 of the Realm of Zot
 48705 | Zot:1    | Reached skill level 21 in Fighting
 49164 | Crypt:1  | Entered Level 1 of the Crypt
 49267 | Crypt:1  | Noticed Xtahua
 49287 | Crypt:1  | Killed Xtahua
 50577 | Crypt:2  | Reached XP level 25. HP: 93/230 MP: 20/20
 52477 | Zot:2    | Reached skill level 22 in Fighting
 53479 | Zot:3    | Reached skill level 1 in Evocations
 53695 | Zot:3    | Reached skill level 5 in Evocations
 54067 | Zot:3    | Reached XP level 26. HP: 243/243 MP: 20/20
 54238 | Zot:3    | Found a blossoming altar of Fedhas.
 54735 | Zot:4    | Reached skill level 23 in Fighting
 55413 | Zot:4    | Reached skill level 10 in Evocations
 55429 | Zot:4    | Noticed an ancient lich
 55443 | Zot:4    | Killed an ancient lich
 55644 | Zot:4    | Upgraded the game from 0.22-a0-259-gdd11e71 to 0.22-a0-265-g0d8bc90
 55644 | Zot:4    | Lost mutation: You are frail. (-10% HP) [potion of mutation]
 55644 | Zot:4    | Gained mutation: You are somewhat resistant to further mutation. [potion of mutation]
 55677 | Zot:5    | Entered Level 5 of the Realm of Zot
 55887 | Zot:5    | Noticed an ancient lich
 55890 | Zot:5    | Noticed an ancient lich
 55897 | Zot:5    | Killed an ancient lich
 55908 | Zot:5    | Killed an ancient lich
 56113 | Zot:5    | Noticed an ancient lich
 56119 | Zot:5    | Noticed an ancient lich
 56145 | Zot:5    | Killed an ancient lich
 56162 | Zot:5    | Noticed an ancient lich
 56170 | Zot:5    | HP: 9/277 [ancient lich/crystal spear (54)]
 56171 | Zot:5    | HP: 1/277 [ancient lich/crystal spear (8)]
 56185 | Zot:4    | Killed an ancient lich
 56185 | Zot:4    | Reached skill level 24 in Fighting
 56187 | Zot:4    | Killed an ancient lich
 56227 | Zot:4    | HP: 12/277 [Orb Guardian (37)]
 56839 | Slime:1  | Entered Level 1 of the Pits of Slime
 57337 | Vaults:5 | Entered Level 5 of the Vaults
 57342 | Vaults:5 | Reached XP level 27. HP: 285/285 MP: 18/18
 57504 | Vaults:5 | Got a pitted trident
 57505 | Vaults:5 | Identified the +7 trident of Viumnill {flame, +Inv rC+ MR+} (You found it on level 5 of the Vaults)
 57507 | Vaults:5 | Got a dazzling scimitar
 57508 | Vaults:5 | Identified the +6 scimitar of Income {slice, rPois} (You found it on level 5 of the Vaults)
 57728 | Vaults:5 | Reached skill level 25 in Fighting
 58079 | Vaults:5 | Got a silver rune of Zot
 58203 | Vaults:5 | Found Ceirph's Gadget Shoppe.
 59122 | Zig:1    | Entered Level 1 of a ziggurat
 59138 | Zig:2    | Entered Level 2 of a ziggurat
 59170 | Zig:3    | Entered Level 3 of a ziggurat
 59204 | Zig:4    | Entered Level 4 of a ziggurat
 59242 | Zig:5    | Entered Level 5 of a ziggurat
 59305 | Zig:6    | Entered Level 6 of a ziggurat
 59374 | Zig:6    | Identified the Compendium of Flying Unholy Rituals
 59400 | Zig:7    | Entered Level 7 of a ziggurat
 59462 | Zig:8    | Entered Level 8 of a ziggurat
 59528 | Zig:8    | Got a warped hat
 59529 | Zig:8    | Identified the +0 hat "Ceucacay" {Int+6 Dex+4} (You found it on level 8 of a ziggurat)
 59549 | Zig:9    | Entered Level 9 of a ziggurat
 59632 | Zig:9    | Noticed Pioffioch the pandemonium lord
 59634 | Zig:9    | Noticed Sesau the pandemonium lord
 59635 | Zig:9    | Noticed Babber the pandemonium lord
 59651 | Zig:9    | Killed Pioffioch the pandemonium lord
 59673 | Zig:9    | Killed Sesau the pandemonium lord
 59681 | Zig:9    | Killed Babber the pandemonium lord
 59734 | Zig:9    | Learned a level 1 spell: Summon Butterflies
 59739 | Zig:9    | Learned a level 4 spell: Passage of Golubria
 59756 | Zig:10   | Entered Level 10 of a ziggurat
 59802 | Zig:10   | Reached skill level 26 in Fighting
 59863 | Zig:10   | Identified the Collected Works on Lethal Displacement
 59879 | Zig:11   | Entered Level 11 of a ziggurat
 60047 | Zig:12   | Entered Level 12 of a ziggurat
 60164 | Zig:12   | Got a transparent war axe
 60165 | Zig:12   | Identified the +5 war axe "Socokhi" {freeze, +Inv} (You found it on level 12 of a ziggurat)
 60169 | Zig:12   | Got a translucent plate armour
 60170 | Zig:12   | Identified the cursed +1 plate armour of Noughts and Crosses {-Tele rPois rC+++ rCorr} (You found it on level 12 of a ziggurat)
 60178 | Zig:13   | Entered Level 13 of a ziggurat
 60218 | Zig:13   | Noticed an ancient lich
 60246 | Zig:13   | Killed an ancient lich
 60249 | Zig:13   | Found the +2 robe of Vines {NoPotionHeal Regen+7}
 60256 | Zig:13   | Found the +3 robe of Folly {Archmagi, MR-- Int+5}
 60278 | Zig:13   | Got a shimmering plate armour
 60299 | Zig:13   | Identified the cursed +0 plate armour of Joy {rElec Str+3 Int+7 Dex-5} (You found it on level 13 of a ziggurat)
 60657 | Slime:1  | Reached skill level 15 in Dodging
 61023 | Slime:4  | Paralysed by a floating eye for 3 turns
 61702 | Slime:5  | Entered Level 5 of the Pits of Slime
 61980 | Slime:5  | Noticed the Royal Jelly
 62022 | Slime:5  | Killed the Royal Jelly
 62192 | Slime:5  | Got a pair of blackened boots
 62193 | Slime:5  | Identified the cursed +0 pair of boots "Fyfe" {Dex+2} (You found it on level 5 of the Pits of Slime)
 62273 | Slime:5  | Got a slimy rune of Zot
 62301 | Slime:5  | Got a translucent golden amulet
 62302 | Slime:5  | Identified the amulet "Kezxasue" {Gourm rF+ rN+ Str+3 SInv} (You found it on level 5 of the Pits of Slime)
 62378 | Slime:5  | Reached skill level 27 in Fighting
 62378 | Slime:5  | Reached skill level 1 in Spellcasting
 62965 | Pan      | Entered Pandemonium
 63120 | Pan      | Found an exit through the horrors of the Abyss.
 63206 | Pan      | Noticed Aqocw the pandemonium lord
 63236 | Pan      | Killed Aqocw the pandemonium lord
 63385 | Pan      | Got an encrusted hat
 63386 | Pan      | Identified the +2 hat of Gravity {rF+++} (You acquired it in Pandemonium)
 64920 | Pan      | Reached skill level 5 in Spellcasting
 65324 | Pan      | Noticed Qadangos the pandemonium lord
 65338 | Pan      | Killed Qadangos the pandemonium lord
 65803 | Pan      | Entered the realm of Lom Lobon.
 66485 | Pan      | Noticed Lom Lobon
 66543 | Pan      | Killed Lom Lobon
 66558 | Pan      | Got a magical rune of Zot
 67606 | Pan      | Noticed Zoveomp the pandemonium lord
 67653 | Pan      | Killed Zoveomp the pandemonium lord
 67653 | Pan      | Reached skill level 5 in Stealth
 67761 | Pan      | Found an exit through the horrors of the Abyss.
 68260 | Pan      | Took an exit into the Abyss.
 68260 | Abyss:1  | Escaped into the Abyss
 68383 | Abyss:1  | Paralysed by accursed screaming for 1 turns
 68392 | Abyss:1  | Paralysed by accursed screaming for 1 turns
 68403 | Depths:3 | Escaped the Abyss
 69160 | Pan      | Entered Pandemonium
 69481 | Pan      | Noticed Boda the pandemonium lord
 69497 | Pan      | Killed Boda the pandemonium lord
 69549 | Pan      | Paralysed by accursed screaming for 2 turns
 69733 | Pan      | Found an exit through the horrors of the Abyss.
 70719 | Pan      | Identified the Volume of Arcane Weapons and Beguiling
 71373 | Pan      | Lost intelligence.
 72808 | Pan      | Noticed Nuru the pandemonium lord
 72855 | Pan      | Killed Nuru the pandemonium lord
 72855 | Pan      | Reached skill level 10 in Polearms
 72921 | Pan      | Lost intelligence.
 73142 | Pan      | Got a demonic rune of Zot
 73309 | Pan      | Reached skill level 10 in Stealth
 73654 | Pan      | Gained mutation: Your body sometimes deteriorates upon taking damage. [a neqoxec]
 73766 | Pan      | Noticed Yzag the pandemonium lord
 73790 | Pan      | HP: 13/298 [something (4)]
 73791 | Pan      | HP: 1/298 [quicksilver dragon/bolt of dispelling energy[Yzag] (25)]
 73791 | Pan      | Killed from afar by a shadow dragon

Vault maps used:
D:1:      minmay_arrival_checkered_box
D:2:      nicolae_overflow_hidden_temple, serial_curves, eino_curves_01,
          eino_curves_01, first_ration
D:3:      nicolae_gozag_cash_rules_everything_around_me, uniq_robin
D:4:      minmay_temple_entry_nine_rooms, serial_shops, shop_scrolls
D:5:      serial_shops, kennysheep_mini_moat, uniq_menkaure
D:6:      tgw_sif
D:7:      lemuel_crystal_altar, basic_altar, uniq_prince_ribbit1, uniq_duvessa
D:8:      minmay_splitting_lines
D:11:     lair_entry_dummy
D:12:     david_orc_2
D:13:     serial_shops, kennysheep_little_box, the_bakery, minivault_8
D:14:     hangedman_vaults_entry_quadrant_bands, serial_shops, shop,
          nicolae_shop_crystal, shop_statue, kennysheep_mini,
          minmay_parallelograms
D:15:     grunt_enter_depths_snipers, basic_altar,
          nicolae_dithmenos_through_a_glass_darkly
Temple:   regret_index_temple_chain_breaker
Lair:1:   special_room, lemuel_fruit_fields, uniq_sonja, uniq_gastronok,
          uniq_fannar
Lair:2:   minmay_shoals_entry_hut, basic_altar, st_stairs_3
Lair:3:   nicolae_spider_entry_non_spiders, uniq_nergalle
Lair:5:   slime_altar_1, grunt_megastairs_1
Lair:6:   hangedman_lair_in_review, hangedman_lair_caniforms_friends,
          minmay_lair_oklob_bushes
Shoals:2: portal_ice_cave_entry_ugly_swarm, serial_shops, shop, shop_fountains,
          shop, shop, nicolae_shop_statue_plus, uniq_polyphemus
Shoals:4: shoals_end_grunt_ice, shoals_ilsuiw_alternative
Spider:1: spider_trap
Spider:2: special_room, spider_trap
Spider:4: spider_rune_water, uniq_arachne, uniq_mara
Slime:1:  cheibrodos_slime_lost_civilization_4
Slime:2:  nicolae_slime_round_cave
Slime:4:  cheibrodos_slime_lost_civilization_9
Orc:1:    enter_bailey_3, uniq_snorg
Orc:2:    grunt_orc_gardens, grunt_orc_garden, grunt_orc_garden,
          grunt_orc_garden, grunt_orc_garden, special_room
Elf:1:    eino_elf_arrival_customs, hangedman_corner_corridor,
          einodemon_barbed_minivault
Elf:3:    elf_hall_gauntlet_narrow, special_room, basic_stair_grate_trap
Vaults:1: hangedman_vaults_cutoff, v_misc_22, v_misc_17, v_misc_18,
          v_alt_pattern_1, v_misc_10, v_misc_22, vaults_dpeg_encased_lava,
          vaults_mumra_minichess
Vaults:2: minmay_crypt_entry_simple_round, hangedman_vaults_impose,
          vaults_room_grunt_arrival_checkpoint, nicolae_vaults_hallways_thing,
          nicolae_vaults_diagonal_hallway_7, v_misc_23, v_misc_17, st_lines,
          vaults_dpeg_hooks, vaults_mumra_hex
Vaults:3: nicolae_vaults_little_squares_2, nicolae_vaults_halls_meeting,
          hangedman_vaults_trim, v_misc_9, nicolae_vaults_little_squares_4,
          vaults_standard_mumra_x, nicolae_vaults_angled_halls, v_misc_30,
          v_alt_pattern_6, nicolae_vaults_asterisk, grunt_vaults_focal,
          vaults_room_stairs_pillars, hangedman_vaults_stretched_pinwheel,
          v_misc_23, serial_shops, shop, shop, nicolae_shop_behind_doors,
          uniq_donald, uniq_frederick
Vaults:4: v_misc_24, hangedman_vaults_unwind, ontoclasm_vaults_eye,
          ontoclasm_vaults_tryst, v_pattern_5, ontoclasm_vaults_spin,
          vaults_room_ringed_pool, v_misc_23, grunt_vaults_hallway_short,
          serial_shops, nicolae_shop_competitors_out_of_business,
          shop_fountains, shop, uniq_boris, uniq_mennas, uniq_sojobo
Crypt:1:  uniq_xtahua
Crypt:2:  basic_loot_grate_trap
Depths:1: enter_ziggurat_f, dk_noncrumbling_4, grunt_hell_entry_dis_mu,
          nicolae_island_escapes, uniq_aizul, uniq_asterion
Depths:2: lemuel_river_lethe, hell_entry
Depths:3: regret_index_uskayaw_diablada_macabre, pan_entry,
          hangedman_tar_grid_catacomb, okawaru_ov_weapons_minmay,
          infiniplex_staircase_trident
Depths:4: wad_arrow_thing, hell_entry, abyss_entry_small_statue_room,
          rand_demon_pan_entry_8, minmay_librarian, basic_stair_grate_trap
Depths:5: evilmike_zot_entry_hall, serial_shops, bzr_entry_gold,
          rand_demon_pan_entry_9, hell_entry, minmay_misc_feat_roman,
          uniq_jorgrun
Zot:2:    hangedman_swamp_dais
Zot:3:    hangedman_orp_of_zott
Zot:4:    nzn_random_ring
Abyss:1:  evilmike_abyss_exit_plants
Abyss:2:  abyss_furniture_001
Abyss:3:  evilmike_abyss_rune_siren_acolytes, evilmike_abyss_exit_mutagenic
Abyss:4:  hangedman_abyss_sting, evilmike_nicolae_abyss_rune_betentacled_crabyss
Pan:      nicolae_pan_hourglass, pan_blood_fountain_small, rand_demon_5,
          evilmike_mini_pan_doors_b, lom_lobon, pan_blood_fountain,
          rand_demon_4, nicolae_pan_strange_glyphs, nicolae_pan_sigil_uleosi,
          evilmike_mini_pan_diamond, evilmike_mini_pan_pillars,
          grunt_pan_frozen_over, lemuel_hall_of_pain
Zig:6:    ziggurat_pillar_centre_oklobs
Bazaar:   bazaar_short_row
Bailey:   bailey_axe_1, bailey
IceCv:    ice_cave_tombish

Skill      XL: |  1  2  3  4  5  6  7  8  9 10 11 12 13 14 15 16 17 18 19 20 21 22 23 24 25 26 27 |
---------------+----------------------------------------------------------------------------------+-----
Fighting       | 3 4 5 6 8 9 10 11 12 13 14 15 16 17 18 19 20 21 22 24 27 | 27.0
Axes           | 3 4 5 6 7 9 10 11 12 14 15 17 18 | 18.5
Armour         | 4 5 6 8 9 10 11 12 13 14 15 16 17 18 19 21 | 21.1
Invocations    | 1 6 8 11 13 14 16 17 20 26 | 26.7
Shields        | 5 7 10 12 13 14 17 19 22 24 25 | 25.0
Dodging        | 4 7 10 12 13 18 | 18.9
Polearms       | 1 6 10 | 10.4
Evocations     | 6 10 | 10.0
Translocations | 2 |  2.2
Spellcasting   | 7 |  7.4
Stealth        | 10 | 10.2

Action                   |  1- 3 |  4- 6 |  7- 9 | 10-12 | 13-15 | 16-18 | 19-21 | 22-24 | 25-27 || total
-------------------------+-------+-------+-------+-------+-------+-------+-------+-------+-------++-------
Melee: War axe           |   116 |   167 |    84 |   874 |  1208 |       |       |       |       ||  2449
       Hand axe          |       |       |   268 |    32 |    68 |       |       |       |       ||   368
       Battleaxe         |       |       |       |     9 |       |       |       |       |       ||     9
       Rapier            |       |       |       |       |    14 |    74 |       |       |       ||    88
       Broad axe         |       |       |       |       |   331 |  1744 |  1658 |   259 |  1182 ||  5174
       Lance             |       |       |       |       |       |       |     8 |  3267 |  4246 ||  7521
Throw: Tomahawk          |     2 |    19 |     9 |     1 |    25 |     9 |       |       |       ||    65
       Javelin           |       |       |       |     4 |       |       |       |       |       ||     4
Invok: Lesser Servant of |       |       |       |    11 |    17 |    12 |     1 |       |     5 ||    46
       Major Destruction |       |       |       |     2 |     3 |       |       |       |       ||     5
       Greater Servant o |       |       |       |       |       |     2 |       |     6 |     3 ||    11
 Abil: Heal Wounds       |     1 |     3 |     5 |     6 |    12 |    19 |     6 |     2 |    20 ||    74
Evoke: Wand              |       |       |       |       |     1 |       |     2 |     4 |     2 ||     9
  Use: Scroll            |     1 |     8 |     4 |    12 |    17 |     9 |     7 |    20 |    25 ||   103
       Potion            |       |     2 |     5 |     3 |     3 |     8 |     2 |     5 |    31 ||    59
 Stab: Distracted        |       |       |       |     1 |     8 |     5 |     1 |     3 |     1 ||    19
  Eat: Chunk             |       |     6 |    14 |    18 |    22 |    22 |    24 |    16 |    28 ||   150
       Ration            |       |       |       |     4 |     3 |     4 |     2 |     6 |    16 ||    35
Armor: Scale mail        |    72 |    73 |       |       |       |       |       |       |       ||   145
       Ring mail         |       |       |    22 |       |       |       |       |       |       ||    22
       Plate armour      |       |       |   142 |   438 |   551 |   764 |   347 |   333 |       ||  2575
       Ice dragon scales |       |       |       |       |       |       |       |   128 |       ||   128
       Gold dragon scale |       |       |       |       |       |       |       |   641 |  1811 ||  2452
Dodge: Dodged            |    37 |    51 |    68 |   277 |   445 |   589 |   518 |  1400 |  1367 ||  4752
Block: Shield            |    55 |    83 |   149 |   694 |  1804 |  2092 |   748 |       |       ||  5625
       Reflection        |       |       |       |     3 |    70 |    87 |   139 |    70 |   194 ||   563
       Other             |       |       |       |     2 |       |       |       |       |       ||     2
       Large shield      |       |       |       |       |       |       |   986 |  5646 |  7754 || 14386

Table legend:
 A = Spawn XP
 B = Non-spawn XP
 C = Spawn XP percentage of total XP
 D = Spawn monster count
 E = Non-spawn monster count
 F = Spawn count percentage of total count
 G = Total turns spent on level
                    A         B        C        D         E        F      G
               +---------+---------+-------+---------+---------+-------+---------
         Total |  154730 | 2169769 |   6.7 |     271 |    3158 |   7.9 | 73791
               +---------+---------+-------+---------+---------+-------+---------
           D:1 |       0 |      44 |   0.0 |       0 |      22 |   0.0 |   521
           D:2 |       0 |     145 |   0.0 |       0 |      24 |   0.0 |   738
           D:3 |       0 |     117 |   0.0 |       0 |      22 |   0.0 |   632
           D:4 |       0 |     401 |   0.0 |       0 |      14 |   0.0 |   556
           D:5 |       0 |     225 |   0.0 |       0 |       8 |   0.0 |   657
           D:6 |       0 |     870 |   0.0 |       0 |      26 |   0.0 |  1289
           D:7 |       0 |    1263 |   0.0 |       0 |      19 |   0.0 |   496
           D:8 |       0 |    2835 |   0.0 |       0 |      41 |   0.0 |  1191
           D:9 |       0 |    2126 |   0.0 |       0 |      34 |   0.0 |   614
          D:10 |       0 |    2995 |   0.0 |       0 |      30 |   0.0 |   728
          D:11 |       0 |    4063 |   0.0 |       0 |      34 |   0.0 |  1448
          D:12 |       0 |    6145 |   0.0 |       0 |      32 |   0.0 |   801
          D:13 |       0 |   10976 |   0.0 |       0 |      49 |   0.0 |  1169
          D:14 |       0 |   19067 |   0.0 |       0 |      52 |   0.0 |  1366
          D:15 |       0 |    8942 |   0.0 |       0 |      24 |   0.0 |  1162
        Lair:1 |       0 |    8127 |   0.0 |       0 |      51 |   0.0 |  1463
        Lair:2 |       0 |    4752 |   0.0 |       0 |      20 |   0.0 |  1115
        Lair:3 |       0 |    8765 |   0.0 |       0 |      35 |   0.0 |  1084
        Lair:4 |       0 |    6647 |   0.0 |       0 |      25 |   0.0 |   883
        Lair:5 |       0 |    8811 |   0.0 |       0 |      19 |   0.0 |  1207
        Lair:6 |       0 |   29383 |   0.0 |       0 |     117 |   0.0 |  1732
      Shoals:1 |       0 |   16034 |   0.0 |       0 |      27 |   0.0 |   779
      Shoals:2 |       0 |   23340 |   0.0 |       0 |      39 |   0.0 |   862
      Shoals:3 |       0 |    3172 |   0.0 |       0 |       7 |   0.0 |   510
      Shoals:4 |       0 |   49583 |   0.0 |       0 |      85 |   0.0 |  1824
      Spider:1 |       0 |   11078 |   0.0 |       0 |      39 |   0.0 |   618
      Spider:2 |       0 |   15713 |   0.0 |       0 |      46 |   0.0 |   993
      Spider:3 |       0 |   25412 |   0.0 |       0 |      31 |   0.0 |  1444
      Spider:4 |       0 |   28297 |   0.0 |       0 |      67 |   0.0 |  1292
       Slime:1 |       0 |   16988 |   0.0 |       0 |      17 |   0.0 |   203
       Slime:2 |       0 |   12692 |   0.0 |       0 |      16 |   0.0 |   233
       Slime:3 |       0 |    4461 |   0.0 |       0 |       8 |   0.0 |    83
       Slime:4 |       0 |   21454 |   0.0 |       0 |      41 |   0.0 |   725
       Slime:5 |       0 |   40865 |   0.0 |       0 |      24 |   0.0 |   843
         Orc:1 |       0 |    9396 |   0.0 |       0 |      44 |   0.0 |   831
         Orc:2 |       0 |   10243 |   0.0 |       0 |      49 |   0.0 |   962
         Elf:1 |       0 |   21516 |   0.0 |       0 |      43 |   0.0 |   848
         Elf:2 |       0 |   27625 |   0.0 |       0 |      39 |   0.0 |   882
         Elf:3 |       0 |   84340 |   0.0 |       0 |      90 |   0.0 |  1603
      Vaults:1 |       0 |   51223 |   0.0 |       0 |      90 |   0.0 |  2170
      Vaults:2 |       0 |   46311 |   0.0 |       0 |      88 |   0.0 |  1661
      Vaults:3 |       0 |   64897 |   0.0 |       0 |      89 |   0.0 |  1411
      Vaults:4 |       0 |   81741 |   0.0 |       0 |      84 |   0.0 |  1563
      Vaults:5 |       0 |  134000 |   0.0 |       0 |     121 |   0.0 |  1443
       Crypt:1 |       0 |   30371 |   0.0 |       0 |      39 |   0.0 |  1006
       Crypt:2 |       0 |   42957 |   0.0 |       0 |      53 |   0.0 |  1153
      Depths:1 |       0 |   36959 |   0.0 |       0 |      50 |   0.0 |  1297
      Depths:2 |       0 |   63168 |   0.0 |       0 |     106 |   0.0 |  2040
      Depths:3 |    4197 |   43652 |   8.8 |       2 |      54 |   3.6 |  1431
      Depths:4 |       0 |   45471 |   0.0 |       0 |      37 |   0.0 |  1419
      Depths:5 |       0 |   68647 |   0.0 |       0 |      56 |   0.0 |  1652
         Zot:1 |       0 |   48614 |   0.0 |       0 |      31 |   0.0 |   690
         Zot:2 |       0 |   55960 |   0.0 |       0 |      38 |   0.0 |  1229
         Zot:3 |       0 |   91992 |   0.0 |       0 |      77 |   0.0 |  1280
         Zot:4 |       0 |   89215 |   0.0 |       0 |      41 |   0.0 |  1086
         Zot:5 |       0 |   45363 |   0.0 |       0 |      19 |   0.0 |   518
       Abyss:1 |    8691 |   18640 |  31.8 |      11 |      15 |  42.3 |   294
       Abyss:3 |    2779 |    7456 |  27.2 |       5 |      24 |  17.2 |   395
       Abyss:4 |   60585 |   41321 |  59.5 |     119 |      93 |  56.1 |  1631
           Pan |   78478 |  342766 |  18.6 |     134 |     340 |  28.3 |  9926
         Zig:1 |       0 |    1361 |   0.0 |       0 |       1 |   0.0 |    16
         Zig:2 |       0 |    1494 |   0.0 |       0 |       3 |   0.0 |    32
         Zig:3 |       0 |    2197 |   0.0 |       0 |       7 |   0.0 |    34
         Zig:4 |       0 |    3578 |   0.0 |       0 |       6 |   0.0 |    38
         Zig:5 |       0 |    6780 |   0.0 |       0 |       7 |   0.0 |    63
         Zig:6 |       0 |    8061 |   0.0 |       0 |      16 |   0.0 |    95
         Zig:7 |       0 |    8963 |   0.0 |       0 |      13 |   0.0 |    62
         Zig:8 |       0 |   14798 |   0.0 |       0 |      10 |   0.0 |    87
         Zig:9 |       0 |   24224 |   0.0 |       0 |      11 |   0.0 |   207
        Zig:10 |       0 |   17520 |   0.0 |       0 |      12 |   0.0 |   123
        Zig:11 |       0 |   16734 |   0.0 |       0 |      19 |   0.0 |   168
        Zig:12 |       0 |   20137 |   0.0 |       0 |      17 |   0.0 |   131
        Zig:13 |       0 |   32492 |   0.0 |       0 |      22 |   0.0 |   126
        Bailey |       0 |     717 |   0.0 |       0 |      32 |   0.0 |   283
         IceCv |       0 |   11081 |   0.0 |       0 |      27 |   0.0 |   460
               +---------+---------+-------+---------+---------+-------+---------
